 Dungeon Crawl Stone Soup version 0.29-a0-1009-g60c99734e7 (webtiles) character file.

Game seed: 16860606199562517625

21 spaghetti the Ruffian (level 2, 0/26 (28) HPs)
             Began as a Naga Chaos Knight on Aug 8, 2022.
             Was a Plaything of Xom.
             Slain by an orc wizard
             ... wielding a +0 dagger
              (2 damage)
             ... on level 2 of the Dungeon.
             The game lasted 00:02:13 (1984 turns).

spaghetti the Ruffian (Naga Chaos Knight)           Turns: 1984, Time: 00:02:14

HP:   0/26 (28)     AC:  4    Str: 14    XL:     2   Next: 87%
MP:   2/2           EV:  9    Int: 12    God:    Xom [......]
Gold: 98            SH:  0    Dex: 10    Spells: 1/1 levels left

rFire   . . .      SeeInvis +     - Unarmed
rCold   . . .      Faith    .   (no shield)
rNeg    . . .      Spirit   .   a - +2 leather armour
rPois   +          Reflect  .   (no helmet)
rElec   .          Harm     .   (no cloak)
rCorr   .          Rampage  .   (no gloves)
Will    .....                   (no barding)
Stlth   +.........              (no amulet)
HPRegen 0.08/turn               (no ring)
MPRegen 0.08/turn               (no ring)

@: short of breath, flying, hasted, drained, quick
A: AC +0, large, see invisible, deformed body, poison resistance, slowness 2,
spit poison 1, naga tail 1
a: Spit Poison, Renounce Religion


You were on level 2 of the Dungeon.
You worshipped Xom.
You were a very special plaything of Xom.
You visited 1 branch of the dungeon, and saw 2 of its levels.

You collected 98 gold pieces.


Innate Abilities, Weirdness & Mutations

Your serpentine skin is tough. (AC +0)
You have supernaturally acute eyesight. (SInv)
Armour fits poorly on your strangely shaped body.
Your system is resistant to poisons. (rPois)
You cover ground very slowly.
You can spit poison.
You have a snake-like lower body.


   Skills:
 - Level 3.0 Fighting
 - Level 1.5 Armour
 - Level 0.7 Dodging
 + Level 3.6 Unarmed Combat
 + Level 1.3 Evocations


You had one spell level left.
You didn't know any spells.
Your spell library was empty.

Inventory:

Armour
 a - a +2 leather armour (worn)
Scrolls
 f - a scroll of butterflies
 g - 2 scrolls of immolation {!r!r}
 i - a scroll of enchant weapon
 m - a scroll of vulnerability {!r!r}
Potions
 h - a potion of flight
Miscellaneous
 b - a piece from Xom's chessboard (15/15)

Dungeon Overview and Level Annotations

Branches:
Dungeon (2/15) Zot: 9588

Altars:

##### #.... ##### #....
#...# #.... #.#.# #....
########.#.####### #....
........)........###....
.......@................
###########o#...####.##....
........g..g###.# #.##....
....oo#########.####.##....
......#######..............
............#..........^...
.o. #####.#..............
.. +.....#...........#.. .
#.....'...........#..


You could see an orc wizard and a hobgoblin.


Message History

😕 HP[-1]
You take 1 damage, and now have 22/25 hp.
You hit the quokka.
You kill the quokka!
Key pressed, stopping explore.
Key pressed, stopping explore.
g - 2 scrolls labelled QENNEN JOMANOA (gained 1)
A goblin comes into view. It is wielding a +0 club.
The goblin shouts! 😎 HP[+3]
Your hp is fully restored (25).
A goblin is nearby!
As you read the scroll labelled KIHAUR FAMN, it crumbles to dust.
You hear a loud clanging noise!
It was a scroll of noise.
You hear a shout! x6; You hear an angry hiss.
Unknown command.
As you read the scroll labelled AREURAQ TILEXZO, it crumbles to dust.
It is a scroll of identify.
i - a scroll of enchant weapon
As you read the scroll of identify {@r1}, it crumbles to dust.
g - 2 scrolls of immolation The goblin barely misses you.
You hit the goblin.
You kill the goblin!
You now have 26 max hp (+1).
You see here a +0 club {mace}.
An orc wizard comes into view. It is wielding a +0 dagger. 😎 HP[+1]
Your hp is fully restored (26).
An orc wizard is nearby!
An orc wizard is nearby!
An orc wizard is nearby!
An orc wizard is nearby!
A hobgoblin comes into view.
You hit the orc wizard.
The orc wizard hits you but does no damage.
You hit the orc wizard but do no damage.
You closely miss the orc wizard. The orc wizard completely misses you.
You hit the orc wizard.
The orc wizard hits you but does no damage.
You miss the orc wizard.
The orc wizard points at you and mumbles some strange words.
The puff of flame hits you! 😮 HP[-8]
You take 8 damage, and now have 18/26 hp.
MASSIVE DAMAGE!! (PAUSE)
You hit the orc wizard. You punch the orc wizard.
The orc wizard hits you with a +0 dagger. 😮 HP[-2]
You take 2 damage, and now have 16/26 hp.
You miss the orc wizard.
An orc priest comes into view. It is wielding a +0 short sword.
The orc wizard hits you but does no damage.
An orc comes into view. It is wielding a +0 club.
The orc shouts!
You hit the orc wizard. "Go forth and destroy!"
You feel yourself speed up.
You are now a very special plaything of Xom.
The orc priest calls upon Beogh to heal the orc wizard.
The orc wizard is healed somewhat.
The orc wizard gestures at you while chanting.
The puff of flame hits you!
* * * LOW HITPOINT WARNING * * *
😨 HP[-7]
You take 7 damage, and now have 9/26 hp.
MASSIVE DAMAGE!! (PAUSE) Unknown command.
It was a potion of haste.
You feel as though your hastened speed will last longer.
Xom roars with laughter!
The orc wizard barely misses you.
It was a potion of flight.
You feel very buoyant.
You fly up into the air.
Xom roars with laughter!
Unknown command.
Unknown command.
Okay, then.
You hit the orc wizard. The orc wizard casts a spell at you.
The magic dart hits you!
* * * LOW HITPOINT WARNING * * *
😱 HP[-8]
You take 8 damage, and now have 1/26 hp.
MASSIVE DAMAGE!! (PAUSE) Unknown command.
Aiming: Spit Poison (2% risk of failure)
Press: ? - help, Shift-Dir - straight line, f - orc wizard
Aim: an orc wizard, wielding a +0 dagger and wearing a +0 robe (heavily wounded, 50% to hit)
The splash of poison misses the orc wizard.
Unknown command.
Unknown command.
You closely miss the orc wizard. The orc wizard barely misses you.
You barely miss the orc wizard. The orc wizard barely misses you.
You barely miss the orc wizard. You miss the orc wizard.
The orc wizard hits you with a +0 dagger.
You die...

Skill      XL: |  1  2 |
---------------+-------+-----
Evocations     | 1 |  1.3
Fighting       | |  3.0
Armour         | |  1.5
Dodging        | |  0.7
Unarmed Combat | |  3.6

Action                   || total
-------------------------++-------
Melee: Unarmed           ||   101
       Punch             ||     2
Throw: Stone             ||    18
 Abil: Spit Poison       ||     3
  Use: Scroll            ||     7
       Potion            ||     2
Armor: Leather armour    ||    29
Dodge: Dodged            ||    43

Levels and vault maps discovered:
D:1:      lemuel_arrival_funnel, layout_loops_corners,
          hellmonk_ecumenical_altar_zigzags
D:2:      layout_basic

Notes
Turn   | Place    | Note
-------+----------+-------------------------------------------
     0 | D:1      | spaghetti the Naga Chaos Knight began the quest for the
                  | Orb.
     0 | D:1      | Reached XP level 1. HP: 21/21 MP: 1/1
     0 | D:1      | magus.rc [v1.9.6]
   223 | D:1      | XOM: silly message
   391 | D:1      | XOM: silly message
   675 | D:1      | XOM: noise
   679 | D:1      | XOM: cast spell 'Summon Cactus Giant'
   690 | D:1      | Reached XP level 2. HP: 21/28 MP: 2/2
   793 | D:1      | Found a faded altar of an unknown god.
   854 | D:1      | XOM: silly message
  1131 | D:1      | Reached skill level 1 in Evocations
  1179 | D:1      | XOM: destruction
  1451 | D:1      | XOM: cloud trail
  1685 | D:2      | XOM: draining
  1716 | D:2      | XOM: god gift: 2 scrolls labelled CORHUE QUF ZOH {god gift}
  1971 | D:2      | XOM: potion effect (haste)
  1979 | D:2      | HP: 1/26 [orc wizard/magic dart (8)]
  1984 | D:2      | Slain by an orc wizard

Vanquished Creatures
  2 bats
  A giant cockroach (D:1)
  3 hobgoblins
  5 kobolds
  2 quokkas
  3 goblins
  2 rats (D:1)
18 creatures vanquished.

Vanquished Creatures (collateral kills)
  A bat (D:1)
  A hobgoblin (D:1)
2 creatures vanquished.

Vanquished Creatures (others)
  A quokka (D:1)
1 creature vanquished.

Grand Total: 21 creatures vanquished

Table legend:
 A = Non-vault XP
 B = Vault XP
 C = Vault XP percentage of total XP
 D = Non-vault monster count
 E = Vault monster count
 F = Vault count percentage of total count
                 A         B        C        D         E       F
            +---------+---------+-------+---------+---------+-------
      Total |      31 |       0 |   0.0 |      20 |       0 |   0.0
            +---------+---------+-------+---------+---------+-------
        D:1 |      22 |       0 |   0.0 |      14 |       0 |   0.0
        D:2 |       9 |       0 |   0.0 |       6 |       0 |   0.0
            +---------+---------+-------+---------+---------+-------

Illustrated notes

Table legend:
 A = Kills in this place as a percentage of kills in entire the game.
 B = Kills by you in this place as a percentage of kills by you in the entire game.
 C = Kills by friends in this place as a percentage of kills by friends in the entire game.
 D = Other kills in this place as a percentage of other kills in the entire game.
 E = Experience gained in this place as a percentage of experience gained in the entire game.
 F = Experience gained in this place divided by the number of levels of this place that you have seen.
                   A       B       C       D       E      F
               +-------+-------+-------+-------+-------+----------------------
         Total | 100.0 | 100.0 | 100.0 |   N/A | 100.0 |  15.5
       Dungeon | 100.0 | 100.0 | 100.0 |   N/A | 100.0 |  15.5
               +-------+-------+-------+-------+-------+----------------------

Table legend: (Time is in decaauts)
 A = Elapsed time spent in this place.
 B = Non-inter-level travel time spent in this place.
 C = Inter-level travel time spent in this place.
 D = Time resting spent in this place.
 E = Time spent auto-exploring this place.
 F = Levels seen in this place.
 G = Mean time per level.
                   A        B        C        D        E       F      G
               +--------+--------+--------+--------+--------+-----+--------+
         Total |   2410 |   2388 |     22 |     44 |   2105 |   2 | 1205.0 |
       Dungeon |   2410 |   2388 |     22 |     44 |   2105 |   2 | 1205.0 |
               +--------+--------+--------+--------+--------+-----+--------+

Top non-repeatable levels by time:
     D:1: 1933 daAuts
     D:2: 477 daAuts
